 Dungeon Crawl Stone Soup version 0.27.0-1-g7a089689b8 (webtiles) character file.

Game seed: 8217595195325791322

997 Amplified the Skirmisher (level 7, -1/64 HPs)
             Began as a Minotaur Warper on Aug 8, 2021.
             Was an Initiate of the Shining One.
             Slain by an orc (2 damage)
             ... on level 5 of the Dungeon.
             The game lasted 00:05:59 (5197 turns).

Amplified the Skirmisher (Minotaur Warper)          Turns: 5197, Time: 00:05:59

Health: -1/64      AC:  4    Str: 18    XL:     7   Next: 99%
Magic:  1/8        EV: 12    Int: 10    God:    the Shining One [......]
Gold:   1259       SH:  0    Dex:  9    Spells: 6/8 levels left

rFire    . . .     SeeInvis .   i - +1 war axe
rCold    . . .     Faith    .   (no shield)
rNeg     . . .     Spirit   .   b - +0 leather armour
rPois    .         Reflect  .   (helmet restricted)
rElec    .         Harm     .   f - +0 cloak
rCorr    .         Rampage  .   (no gloves)
Will     .....                  (no boots)
Stlth    +.........             (no amulet)
HPRegen  0.20/turn              (no ring)
MPRegen  0.11/turn              (no ring)

@: slowed, glowing, very slow
A: horns 2, retaliatory headbutt
a: Renounce Religion


You were on level 5 of the Dungeon.
You worshipped the Shining One.
The Shining One was noncommittal.
You visited 1 branch of the dungeon, and saw 5 of its levels.

You collected 1259 gold pieces.

Inventory:

Hand Weapons
 i - a +1 war axe (weapon)
Missiles
 e - 19 poisoned darts (quivered)
 o - 3 boomerangs
Armour
 b - a +0 leather armour (worn)
 f - a +0 cloak (worn)
Jewellery
 p - a ring of resist corrosion
 q - a ring of willpower
Wands
 g - a wand of flame (13)
 n - a wand of mindburst (7)
Scrolls
 j - a scroll of holy word
 k - a scroll of fog
 l - a scroll of identify
Potions
 a - a potion of curing
 c - a potion of ambrosia
 h - a potion of attraction


   Skills:
 * Level 6.6 Fighting
 * Level 6.4 Axes
 - Level 1.0 Throwing
 + Level 4.3 Armour
 + Level 4.3 Dodging
 - Level 1.3 Spellcasting
 - Level 2.1 Translocations
 * Level 2.5 Invocations


You had 6 spell levels left.
You knew the following spells:

 Your Spells              Type           Power      Damage    Failure   Level
a - Blink                 Tloc           N/A        N/A       24%         2

Your spell library contained the following spells:

 Spells                   Type           Power      Damage    Failure   Level
 Gell's Gravitas          Tloc           2%         N/A       43%         3
 Lesser Beckoning         Tloc           2%         N/A       43%         3
 Teleport Other           Tloc           5%         N/A       43%         3
 Portal Projectile        Hex/Tloc       4%         N/A       58%         3
 Call Canine Familiar     Summ           0%         N/A       75%         3
 Ozocubu's Armour         Ice            0%         N/A       75%         3
 Hailstorm                Conj/Ice       0%         3d3       98%         4
 Ice Form                 Ice/Tmut       0%         N/A       98%         4
 Leda's Liquefaction      Hex/Erth       0%         N/A       98%         4
 Manifold Assault         Tloc           5%         N/A       99%         5
 Conjure Ball Lightning   Conj/Air       0%         3x3d6     100%        6
 Simulacrum               Ice/Necr       0%         N/A       100%        6
 Ozocubu's Refrigeration  Ice            0%         4d5       100%        7
 Discord                  Hex            0%         N/A       100%        8
 Disjunction              Tloc           2%         N/A       100%        8


Dungeon Overview and Level Annotations

Branches:
Dungeon (5/15)             Temple (0/1) D:5

Altars:
Yredelemnul
The Shining One

Annotations:
D:5 Edmund


Innate Abilities, Weirdness & Mutations

You have a pair of horns on your head.
You reflexively headbutt those who attack you in melee.


Message History

Nothing appears to happen.
The hornet closely misses you. The orc closely misses you.
The hornet barely misses you.
Casting: Blink (dangerous; 24% risk of failure)
Confirm with . or Enter, or press ? or * to list all spells.
You blink.
Unknown command.
You feel yourself speed up. The hornet stings you!
You feel yourself slow down.
There is an open door here.
The hornet stings you!
* * * LOW HITPOINT WARNING * * *
You feel as though you will be slow longer.
There's a creature in the doorway!
Okay, then.
Casting: Blink (dangerous; 24% risk of failure)
Confirm with . or Enter, or press ? or * to list all spells.
You blink.
Unknown command.
Casting: Blink (dangerous; 24% risk of failure)
Confirm with . or Enter, or press ? or * to list all spells.
You blink.
Your magical contamination has completely faded away.
Unknown command.
Casting: Blink (dangerous; 24% risk of failure)
Confirm with . or Enter, or press ? or * to list all spells.
You don't have enough magic to cast this spell.
Unknown command.
You feel better. The hornet stings you.
* * * LOW HITPOINT WARNING * * *
You feel as though you will be slow longer.
The hornet stings you.
* * * LOW HITPOINT WARNING * * *
You feel as though you will be slow longer.
The hornet stings you but does no damage.
You feel better. The hornet barely misses you. You furiously retaliate!
You headbutt the hornet! The hornet stings you!
* * * LOW HITPOINT WARNING * * *
You feel as though you will be slow longer.
The orc hits you with a +0 dagger.
You die...

#############
##...........#
#....#######.#
#....#######.##
#....'........#
#.@..##.####..#####
###oy..##.###>.......
#.'.@..##.#..........
###....##.#.....#.###
#....##.#.....#.#
###'###'#.....#.###
#...........#.##.
#.#.o............
#.#....##..##.##.


You could see Edmund, a hornet and an orc.

Vanquished Creatures
  Eustachio (D:5)
  Duvessa (D:5)
  A necrophage (D:5)
  2 ogres (D:4)
  A centaur (D:5)
  Dowan (D:5)
  A bullfrog zombie (D:5)
  3 hounds
  A jelly (D:4)
  A centaur skeleton (D:3)
  2 iguanas
  5 adders
  A white imp (D:5)
  An ufetubus (D:5)
  2 worms
  4 dart slugs
  3 orcs
  6 endoplasms
  2 giant cockroaches
  4 hobgoblins
  8 jackals
  10 kobolds
  2 quokkas
  2 ball pythons (D:1)
  4 bats
  2 frilled lizards
  4 goblins
  6 rats
81 creatures vanquished.

Vanquished Creatures (others)
  A fungus (D:1)
  3 plants (D:1)
  A withered plant (D:1)
5 creatures vanquished.

Grand Total: 86 creatures vanquished

Notes
Turn   | Place    | Note
-------+----------+-------------------------------------------
     0 | D:1      | Amplified the Minotaur Warper began the quest for the Orb.
     0 | D:1      | Reached XP level 1. HP: 18/18 MP: 1/1
   178 | D:1      | Found a faded altar of an unknown god.
   298 | D:1      | Reached XP level 2. HP: 23/25 MP: 3/3
  1349 | D:2      | Identified a scroll of acquirement
  1349 | D:2      | Acquired 1069 gold pieces
  1799 | D:2      | Reached XP level 3. HP: 18/31 MP: 4/4
  1990 | D:2      | Learned a level 2 spell: Blink
  3056 | D:3      | Reached XP level 4. HP: 37/39 MP: 5/5
  3539 | D:4      | Reached XP level 5. HP: 46/46 MP: 6/6
  3570 | D:4      | Noticed an ogre
  3575 | D:4      | Killed an ogre
  3615 | D:4      | Noticed an ogre
  3619 | D:4      | Killed an ogre
  3620 | D:4      | Reached skill level 5 in Fighting
  3620 | D:4      | Reached XP level 6. HP: 56/56 MP: 7/7
  3868 | D:4      | Reached skill level 5 in Axes
  4115 | D:5      | Entered Level 5 of the Dungeon
  4254 | D:5      | Found a glowing golden altar of the Shining One.
  4256 | D:5      | Noticed an angel
  4263 | D:5      | Found a basalt altar of Yredelemnul.
  4355 | D:5      | Became a worshipper of the Shining One
  4382 | D:5      | Reached XP level 7. HP: 10/62 MP: 8/8
  4659 | D:5      | Reached skill level 1 in Invocations
  4735 | D:5      | Found a staircase to the Ecumenical Temple.
  4736 | D:5      | Noticed Eustachio
  4744 | D:5      | Killed Eustachio
  4757 | D:5      | Noticed Dowan
  4766 | D:5      | Noticed Duvessa
  4769 | D:5      | Killed Duvessa
  4779 | D:5      | Killed Dowan
  5176 | D:5      | Noticed a hornet
  5183 | D:5      | Paralysed by a hornet for 3 turns
  5184 | D:5      | Noticed Edmund
  5197 | D:5      | HP: 1/64 [hornet (14)]
  5197 | D:5      | Slain by an orc

Illustrated notes

Levels and vault maps discovered:
D:1:      dpeg_arrival_rhombus, layout_basic, shapermc_ecumenical_altar_gd
D:2:      layout_loops_corners
D:3:      layout_rooms
D:4:      layout_loops_ring
D:5:      layout_basic, grunt_temple_overflow_holy_war,
          minmay_temple_entry_statues_fountains, uniq_duvessa, uniq_eustachio,
          uniq_edmund

Skill      XL: |  1  2  3  4  5  6  7 |
---------------+----------------------+-----
Axes           | 3 4 5 6 |  6.4
Fighting       | 3 4 5 6 |  6.6
Armour         | 2 3 4 |  4.3
Dodging        | 3 4 |  4.3
Invocations    | 2 |  2.5
Throwing       | |  1.0
Spellcasting   | |  1.3
Translocations | |  2.1

Action                   |  1- 3 |  4- 6 |  7- 9 || total
-------------------------+-------+-------+-------++-------
Melee: Hand axe          |    38 |       |       ||    38
       Headbutt          |    13 |    10 |     6 ||    29
       War axe           |    53 |    58 |    33 ||   144
Throw: Boomerang         |     2 |       |     3 ||     5
       Dart              |       |       |     1 ||     1
 Cast: Blink             |       |       |     3 ||     3
Evoke: Wand              |       |     5 |    11 ||    16
  Use: Scroll            |     7 |     4 |       ||    11
       Potion            |     3 |     1 |     5 ||     9
Armor: Leather armour    |    19 |    24 |    14 ||    57
Dodge: Dodged            |    52 |    55 |    39 ||   146
